Map: Lost and Found LE

Players

zeroiland

  • Race: Terran Terran
  • League: Platinum
  • Spawn Location: 1:00

DrPhil - Winner!

  • Race: Zerg Zerg
  • League: Platinum
  • Spawn Location: 7:00

VOD

Have the link to the VOD?

Description

Time

  • Played on: Nov. 17, 2018, 6:56 a.m.
  • Length: 18:39
Show
View Real Time Build Order
Export as new Build Order

zeroiland Terran 

Build Orders: Reaper Expand 

Get SALT Encoding   

  12  0:01  SCV  
  13  0:13  SCV  
  14  0:22  Supply Depot  
  14  0:25  SCV  
  15  0:43  SCV  
  15  0:45  Barracks  
  15  0:48  Refinery  
  16  0:55  SCV  
  17  1:07  SCV  
  18  1:20  SCV  
  19  1:33  Orbital Command  
  19  1:34  Reaper  
  20  1:41  Command Center  
  20  2:00  SCV  
  21  2:03  Supply Depot  
  21  2:10  Factory  
  21  2:12  SCV  
  22  2:24  Marine  
  22  2:25  SCV  
  24  2:37  SCV, Refinery  
  25  2:48  Barracks Reactor  
  25  2:49  SCV  
  26  2:59  Orbital Command  
  26  3:01  SCV  
  27  3:07  Starport  
  27  3:13  SCV  
  28  3:25  SCV, Marine  
  28  3:26  Marine  
  31  3:32  Hellion  
  33  3:34  Barracks  
  33  3:36  Supply Depot  
  33  3:42  SCV  
  33  3:43  Marine x2  
  36  3:49  Starport Tech Lab  
  36  3:55  SCV  
  37  4:00  SCV  
  38  4:06  Supply Depot  
  38  4:07  SCV  
  39  4:12  SCV  
  43  4:21  Cyclone x2  
  46  4:26  Barracks Tech Lab  
  46  4:31  Marauder, Starport Reactor  
  46  4:32  Stimpack  
  46  4:35  Supply Depot, SCV  
  46  4:37  SCV  
  50  4:44  Engineering Bay  
  50  4:47  SCV  
  50  4:49  SCV  
  52  4:52  Barracks  
  52  4:57  Command Center  
  52  5:01  SCV x2  
  54  5:09  Hellion  
  54  5:10  Medivac x2, Hellion  
  54  5:13  SCV, Supply Depot  
  63  5:20  Refinery  
  63  5:21  SCV  
  64  5:25  SCV  
  62  5:50  Marine  
  62  5:52  SCV  
  63  6:04  SCV  
  63  6:05  Barracks Reactor  
  63  6:07  Widow Mine x2  
  63  6:08  Marine  
  69  6:16  SCV  
  70  6:26  Marine  
  59  6:33  Combat Shield  
  59  6:43  Medivac x2  
  59  6:44  Marauder  
  59  6:46  Marine x2  
  67  6:56  Barracks  
  67  7:01  SCV  
  68  7:02  Factory Reactor  
  68  7:06  Terran Infantry Weapons Level 1, Refinery, Marauder  
  70  7:09  Engineering Bay  
  70  7:13  SCV  
  71  7:18  Medivac x2  
  71  7:20  Marine x2  
  71  7:21  Marine  
  78  7:25  Marine  
  78  7:27  Marauder, Barracks  
  81  7:38  Terran Infantry Armor Level 1  
  81  7:48  Marauder  
  81  8:09  Marine x2  
  81  8:10  Marauder, Orbital Command, SCV  
  81  8:11  SCV  
  87  8:13  Marine x2  
  87  8:14  Marine  
  87  8:15  Widow Mine  
  92  8:23  SCV  
  92  8:25  Supply Depot x2  
  92  8:26  Supply Depot x2  
  93  8:30  Marine  
  93  8:31  SCV  
  93  8:33  Widow Mine  
  93  8:40  Widow Mine  
  93  8:46  SCV  
  93  8:47  Marauder  
  96  8:49  Marine x4  
  96  8:50  Marine  
  101  9:07  Marine x5  
  101  9:08  Marauder  
  103  9:29  Marauder  
  105  9:32  Viking  
  105  9:34  Barracks Tech Lab, Barracks  
  105  9:35  Widow Mine x2  
  105  9:36  Marine x3, Marauder  
  116  9:42  Armory  
  116  9:51  Marauder  
  118  10:00  Marauder  
  118  10:01  Widow Mine x2  
  118  10:05  Marine  
  125  10:38  Supply Depot x2  
  125  10:39  Supply Depot  
  125  10:50  Marine x2  
  125  10:51  Marauder  
  125  10:55  Marauder  
  125  10:56  Marine x2  
  120  11:08  Marine x2  
  115  11:12  Marauder  
  115  11:14  Marine x2  
  115  11:16  Marauder  
  118  11:25  Marine  
  119  11:34  Marauder  
  119  11:38  Marauder  
  100  11:55  Marauder  
  100  11:59  Marauder  
  83  12:08  Marine x2  
  83  12:09  Marine  
  71  12:15  Marine  
  71  12:16  Marauder  
  71  12:20  Marauder  
  68  12:23  Factory Tech Lab  
  68  12:24  Concussive Shells  
  68  12:25  Marauder  
  68  12:26  Marine x3  
  73  12:32  Barracks  
  73  12:33  Marine  
  73  12:34  Barracks  
  73  12:35  SCV  
  73  12:36  Barracks  
  75  12:38  Marauder  
  75  12:42  Marauder  
  79  12:44  Marine x3  
  79  12:47  SCV  
  83  12:59  Marine, Marauder  
  83  13:01  Siege Tank  
  83  13:02  Marine  
  83  13:03  Marauder  
  82  13:21  Command Center, Marauder  
  82  13:25  Marine x2, Marauder  
  82  13:26  Marine  
  89  13:31  Command Center  
  89  13:33  Siege Tank  
  92  13:40  Marine  
  93  13:42  Marauder  
  93  13:43  Marine  
  93  13:46  Medivac x2, Marauder  
  93  13:48  Barracks Reactor  
  102  13:49  Barracks Tech Lab x2  
  102  14:00  Marine  
  102  14:01  Marine x5, Marauder  
  110  14:03  Marauder  
  110  14:05  Siege Tank  
  110  14:06  Terran Infantry Weapons Level 2  
  110  14:07  Terran Infantry Armor Level 2, Marauder  
  117  14:16  Medivac x2  
  121  14:18  Marine  
  121  14:22  Marauder  
  124  14:25  Marauder  
  124  14:28  Marine x4, Marauder  
  124  14:29  Marauder  
  134  14:32  Marine x2, Marauder  
  138  14:44  Marauder  
  140  14:46  Marauder  
  140  14:50  Marauder x2  
  146  14:54  Marauder  
  146  14:56  Command Center  
  148  15:05  Marauder  
  150  15:07  Marauder  
  150  15:11  Marauder  
  150  15:12  Marine x3, Marauder  
  159  15:15  Marauder  
  161  15:26  Marauder  
  161  15:27  Marine  
  163  15:57  Marine  
  164  16:08  Marine x4, Marauder x5  
  129  16:20  Marine x3  
  99  16:30  Marauder x5  
  96  16:47  Marine x5  
  82  16:48  Marine  
  82  16:51  Marauder x5  
  98  17:00  Marine  
  99  17:12  Marauder x2  
  103  17:26  Marine  
  103  17:27  Marine x4, Marauder x3  
  103  17:29  Marine  
  115  17:34  Marauder x2  
  119  17:44  Orbital Command  
  119  17:48  Marauder  
  119  17:49  Marauder  
  123  17:53  Marine x4, Marauder  
  123  17:55  Marauder x2  
  81  18:10  Marauder  
Show
View Real Time Build Order
Export as new Build Order

DrPhil Zerg - Winner!

Build Orders: Hatch First 

Get SALT Encoding   

  12  0:01  Drone  
  13  0:12  Overlord  
  13  0:16  Drone  
  14  0:31  Drone x2  
  14  0:34  Drone  
  17  0:54  Hatchery  
  17  0:56  Drone  
  17  1:02  Drone, Extractor  
  17  1:16  Spawning Pool  
  16  1:18  Drone  
  16  1:22  Drone  
  18  1:28  Drone  
  19  1:38  Overlord  
  19  1:49  Drone  
  20  2:00  Drone  
  21  2:04  Metabolic Boost  
  21  2:07  Queen  
  23  2:10  Queen  
  23  2:13  Zergling x2  
  26  2:15  Zergling x2  
  26  2:18  Zergling x2  
  26  2:22  Drone  
  29  2:30  Overlord  
  29  2:32  Drone  
  30  2:39  Drone  
  31  2:54  Drone x2  
  31  2:55  Drone  
  31  2:58  Hatchery  
  33  3:07  Drone x2  
  35  3:14  Drone  
  35  3:19  Overlord  
  36  3:22  Overlord  
  36  3:30  Queen  
  36  3:32  Drone x4  
  42  3:44  Drone x4  
  46  3:49  Baneling Nest  
  45  3:55  Drone  
  45  3:56  Drone  
  45  3:57  Overlord  
  45  4:02  Drone x2, Overlord  
  49  4:03  Drone  
  50  4:12  Drone x2  
  50  4:14  Queen x2  
  56  4:19  Drone  
  56  4:20  Queen  
  59  4:35  Spore Crawler  
  59  4:37  Spore Crawler  
  57  4:40  Spore Crawler  
  57  4:41  Drone  
  57  4:42  Drone x8  
  57  4:44  Zergling x2  
  66  4:47  Baneling x2  
  66  4:48  Baneling x2  
  66  5:03  Lair  
  66  5:11  Extractor  
  66  5:12  Extractor  
  64  5:14  Extractor  
  64  5:15  Extractor  
  64  5:16  Overlord  
  64  5:17  Drone x5  
  64  5:18  Drone x4  
  71  5:22  Queen  
  71  5:24  Zergling x2  
  71  5:27  Overlord  
  71  5:28  Overlord x3  
  76  5:38  Zergling x12  
  78  5:47  Zergling x6  
  72  5:58  Zergling x2  
  72  5:59  Zergling x10  
  75  6:09  Zergling x10  
  78  6:11  Baneling x5  
  78  6:13  Centrifical Hooks  
  77  6:21  Zergling x6  
  78  6:28  Zergling x2  
  78  6:32  Baneling  
  77  6:43  Queen x2  
  77  6:45  Hatchery  
  80  6:51  Drone  
  80  6:52  Drone x5  
  86  6:58  Hatchery  
  85  7:05  Zergling x14  
  92  7:14  Hydralisk Den  
  91  7:19  Evolution Chamber  
  90  7:38  Queen x2  
  90  7:40  Overlord  
  90  7:41  Overlord x2  
  90  7:42  Zergling x10  
  99  7:48  Baneling x6  
  99  7:49  Baneling x2  
  99  7:58  Overlord x4  
  90  8:10  Drone x8  
  98  8:38  Queen  
  98  8:44  Overseer  
  92  8:53  Zergling x2  
  92  8:54  Zergling x32  
  108  9:22  Hydralisk  
  108  9:23  Hydralisk x10  
  128  9:28  Drone x2  
  128  9:29  Drone x3  
  133  9:36  Baneling x4  
  133  9:37  Baneling x3  
  133  9:41  Drone x4  
  137  9:45  Queen  
  139  9:53  Pneumatized Carapace  
  139  9:54  Drone  
  139  9:59  Infestation Pit  
  139  10:04  Extractor  
  138  10:13  Overlord  
  138  10:14  Drone x5, Overlord  
  138  10:15  Drone x8  
  138  10:20  Queen x2  
  155  10:21  Queen  
  157  10:32  Spore Crawler, Spine Crawler x2  
  157  10:33  Spine Crawler  
  153  10:37  Hydralisk x11  
  153  10:42  Overlord x4  
  175  10:45  Spore Crawler  
  175  10:49  Spore Crawler  
  172  10:55  Hydralisk x6  
  168  11:05  Zergling x2  
  168  11:06  Zergling x14  
  138  11:21  Hydralisk x5  
  138  11:22  Hydralisk x2  
  138  11:23  Spawning Pool  
  113  11:55  Hydralisk Den  
  112  12:07  Drone x3  
  112  12:08  Drone x9  
  119  12:15  Hive  
  110  12:18  Zerg Missile Weapons Level 1  
  110  12:24  Drone x3  
  110  12:29  Queen  
  113  12:36  Extractor  
  114  12:37  Grooved Spines  
  114  12:38  Extractor  
  112  12:47  Zergling x2  
  112  12:48  Zergling x10  
  118  12:57  Zergling x10  
  113  13:15  Zergling x2  
  113  13:16  Zergling x10  
  119  13:28  Adrenal Glands  
  119  13:31  Evolution Chamber  
  118  13:46  Hydralisk x13  
  144  13:50  Hatchery  
  143  13:57  Baneling  
  143  13:58  Baneling x17  
  143  14:02  Zerg Melee Weapons Level 1  
  143  14:12  Hydralisk x8  
  143  14:14  Evolution Chamber  
  158  14:27  Zergling x10  
  163  14:35  Hatchery, Extractor  
  163  14:37  Queen x3  
  163  14:38  Extractor  
  166  14:57  Zergling x2  
  166  14:58  Zergling x22  
  178  15:03  Zerg Ground Armor Level 1, Zerg Missile Weapons Level 2  
  178  15:06  Overlord x2  
  178  15:13  Spire  
  177  15:17  Zergling x10  
  177  15:18  Zergling x6  
  185  15:23  Drone x2  
  187  15:40  Zergling x10  
  187  15:41  Zergling x12  
  187  15:51  Baneling x21  
  187  16:02  Queen  
  189  16:10  Zergling x2  
  189  16:11  Zergling x18  
  195  16:18  Zergling x10  
  158  16:23  Zergling x6  
  129  16:30  Zergling x10  
  126  16:39  Zergling x10  
  131  16:40  Zergling x4  
  130  16:52  Overseer  
  130  16:56  Ultralisk Cavern  
  130  17:01  Baneling  
  129  17:04  Baneling x16  
  129  17:08  Drone x2  
  129  17:09  Drone  
  129  17:10  Drone  
  133  17:25  Drone x4  
  133  17:26  Drone x5  
  142  17:52  Zergling x2  
  142  17:53  Zergling x34  
  142  17:54  Zergling x2  
  161  18:03  Drone  
  161  18:04  Drone x7  
Tags
 
Add a new tag
Caveats
  • Supply blocks, unpowered buildings, or Contaminate may cause inaccurate times.
  • Supply counts are checked every 10 seconds.